 Dungeon Sprint DCSS version 0.31-a0-920-g28cbb04a8c (webtiles) character file.

Game seed: 17220497934962898038

655 sircluck the Grappler (level 7, -13/120 HPs)
             Began as a Troll Berserker on Oct 17, 2023.
             Was a Believer of Trog.
             Mangled by a ghost moth (15 damage)
             ... in the Dungeon (Sprint VII: "The Pits").
             The game lasted 00:00:27 (191 turns).

sircluck the Grappler (Troll Berserker)              Turns: 191, Time: 00:00:27

Health: -13/120    AC:  4    Str: 28      XL:     7   Next: 29%
Magic:  0/6        EV: 11    Int:  3      God:    Trog [**....]
Gold:   0          SH:  0    Dex:  7 (9)  Spells: 6/6 levels left

rFire   . .          .
                       - Unarmed
rCold   . . .        (no shield)
rNeg    . . .        a - +0 animal skin
rPois   .            (helmet restricted)
rElec   .            (no cloak)
rCorr   .            (gloves unavailable)
SInv    .            (boots unavailable)
Will    .....        (no amulet) Stlth
                     (no ring)
HPRegen 1.20/turn    (no ring)
MPRegen 0.10/turn

%: no teleportation
@: berserking, very quick
A: large, unfitting armour, claws 3, regeneration 1, shaggy fur 1, tough skin 1
a: Renounce Religion, Berserk, Trog's Hand


You were in the Dungeon.
You worshipped Trog.
Trog was pleased with you.
You visited 1 branch

Inventory:

Armour
 a - a +0 animal skin (worn)
Scrolls
 g - a scroll of blinking
Potions
 b - a potion of curing
 c - a potion of heal wounds
 d - a potion of haste
 e - 2 potions of magic
 f - a potion of berserk rage


   Skills:
 + Level 8.2 Fighting
 + Level 8.1 Dodging
 + Level 9.7 Unarmed Combat


You had 6 spell levels left.
You didn't know any spells.
Your spell library was empty.

Dungeon Overview and Level Annotations

Branches:
Dungeon (1/1)

Altars:


Innate Abilities, Weirdness & Mutations

You are too large for most types of armour.
You have claws for hands.
Your natural rate of healing is unusually fast.
You are covered in fur. (AC +1)
You have tough skin. (AC +1)


Message History

Trog accepts your kill. The wolf bites you! The wolf bites you.
Your Dodging skill increases to level 8!
You miss the wolf. The wolf closely misses you. The wolf bites you. x2
The wolf bites you!
You are too injured to fight recklessly!
You are too injured to fight recklessly!
You are too injured to fight recklessly!
You are too injured to fight recklessly!
You are too injured to fight recklessly!
Unknown command.
A red film seems to cover your vision as you go berserk!
You feel yourself moving faster!
You feel mighty! The wolf bites you. The wolf barely misses you.
The wolf closely misses you. The wolf misses you. The wolf barely misses you.
You feel you are being watched by something.
You claw the wolf!
The wolf is almost dead.
The wolf closely misses you. The wolf barely misses you.
You barely miss the wolf.
The wolf is almost dead.
The wolf closely misses you. The wolf bites you!
Deactivating autopickup; reactivate with Ctrl-A.
You claw something! The wolf barely misses you. The wolf bites you.
You feel you are being watched by something.
Something hits you but does no damage. Something hits you.
Something stings you!
* * * LOW HITPOINT WARNING * * *
You feel clumsy.
You mangle something!! The wolf completely misses you.
Unknown command.
You claw something!
You feel you are being watched by something.
Something hits you!!
* * * LOW HITPOINT WARNING * * *
Something hits you!
* * * LOW HITPOINT WARNING * * *
You feel clumsy. Something stings you!
You die...

+................+
#......#..#......#
#...†............#
####'#####''######
#.......##''#####
#.......##......#
#.......##....###
#...<...##...##
#.......##h@##
#.......##h{#
#.......##hh#
##########.h+ #..#
#..# #..# #...


You could see 5 wolves.

Vanquished Creatures
  A bog body (D)
  A water moccasin (D)
  A wolf (D)
3 creatures vanquished.

Notes
Turn   | Place    | Note
-------+----------+-------------------------------------------
     0 | D        | sircluck the Troll Berserker began the quest for the Orb.
     0 | D        | Reached XP level 1. HP: 22/22 MP: 0/0
    15 | D        | Noticed a water moccasin
    15 | D        | Noticed a bog body
    30 | D        | Killed a bog body
    31 | D        | Reached skill level 9 in Unarmed Combat
    31 | D        | Reached XP level 2. HP: 40/40 MP: 1/1
    31 | D        | Reached XP level 3. HP: 46/46 MP: 2/2
    31 | D        | Reached XP level 4. HP: 55/55 MP: 3/3
    31 | D        | Reached XP level 5. HP: 62/62 MP: 4/4
    31 | D        | Reached XP level 6. HP: 71/71 MP: 5/5
    41 | D        | Killed a water moccasin
    41 | D        | Reached ** piety under Trog
    42 | D        | Reached XP level 7. HP: 64/80 MP: 6/6
   191 | D        | HP: 2/120 [something (9)]
   191 | D        | Mangled by a ghost moth

Illustrated notes

Levels and vault maps discovered:
D:        pitsprint [storerooms_1, entrance_room_1, metal_vault_6, armoury_2,
          mini_pit_1, grid_room_1, main_hall_1, silver_pit, the_coven_3,
          the_vestibule_1, steel_vault_3, golden_pit, hallway_of_sentries,
          crystal_vault_5, iron_vault_2, final_vault]

Skill      XL: |  1  2  3  4  5  6  7 |
---------------+----------------------+-----
Fighting       | 7 8 |  8.2
Dodging        | 7 8 |  8.1
Unarmed Combat | 9 |  9.7

Action                     |  1- 3 |  4- 6 |  7- 9 || total
---------------------------+-------+-------+-------++-------
  Melee: Unarmed           |     2 |     4 |    11 ||    17
 Invoke: Berserk           |     1 |       |     1 ||     2
 Armour: Animal skin       |       |     4 |    20 ||    24
  Dodge: Dodged            |     1 |     3 |    16 ||    20

Table legend: (Time is in decaauts)
 A = Elapsed time spent in this place.
 B = Non-inter-level travel time spent in this place.
 C = Inter-level travel time spent in this place.
 D = Time resting spent in this place.
 E = Time spent auto-exploring this place.
 F = Levels seen in this place.
 G = Mean time per level.
                   A        B        C        D        E       F      G
               +--------+--------+--------+--------+--------+-----+--------+
         Total |    232 |    232 |      0 |    171 |     11 |   1 |  232.0 |
       Dungeon |    232 |    232 |      0 |    171 |     11 |   1 |  232.0 |
               +--------+--------+--------+--------+--------+-----+--------+

Top non-repeatable levels by time:
       D: 232 daAuts
